 Dungeon Crawl Stone Soup version 0.30.1-4-g462c640d31 (webtiles) character file.

Game seed: 266336118770995932

1002 safid the Chiller (level 8, -4/46 (63) HPs)
             Began as a Merfolk Ice Elementalist on Sept 13, 2023.
             Slain by a wight
             ... wielding a +2 mace
              (8 damage)
             ... on level 6 of the Dungeon.
             The game lasted 00:08:25 (4961 turns).

safid the Chiller (Merfolk Ice Elementalist)        Turns: 4961, Time: 00:08:26

HP:   -4/46 (63)    AC: 11    Str:  6 (8)  XL:     8   Next: 20%
MP:   12/24         EV: 12    Int: 13 (16) God:
Gold: 222           SH:  0    Dex: 12 (15) Spells: 10/17 levels left

rFire   . . .        C - +2 dagger (vamp)
rCold   . . .        (no shield)
rNeg    . . .        a - +0 robe
rPois   .            o - +0 helmet
rElec   .            i - +0 cloak
rCorr   .            (no gloves)
SInv    .            (no boots)
Will    .....        A - amulet of regeneration
Stlth   ++           r - ring of magical power
HPRegen 1.07/turn    (no ring)
MPRegen 0.19/turn

%: no passive effects
@: ice-armoured (expiring), freezing walls, very heavily drained
A: (nimble swimmer 2), mertail
a: no special abilities


You were on level 6 of the Dungeon.
You visited 1 branch of the dungeon, and saw 6 of its levels.

You collected 222 gold pieces.

Inventory:

Hand Weapons
 p - a +0 arbalest
 C - a +2 vampiric dagger (weapon)
Armour
 a - a +0 robe (worn)
 i - a +0 cloak (worn)
 o - a +0 helmet (worn)
Jewellery
 r - a ring of magical power (left hand)
 A - an amulet of regeneration (around neck)
Wands
 u - a wand of mindburst (6)
 D - a wand of flame (9)
Scrolls
 f - 3 scrolls of amnesia {unknown}
 j - a scroll of magic mapping {unknown}
 k - a scroll of vulnerability {unknown}
 m - 7 scrolls of identify {unknown}
 s - a scroll of fear {unknown}
 w - 2 scrolls of blinking {unknown}
 x - a scroll of brand weapon {unknown}
 y - 2 scrolls of torment {unknown}
 B - a scroll of enchant armour {unknown}
Potions
 b - a potion of magic
 c - 2 potions of degeneration
 d - 3 potions of might {unknown}
 e - 3 potions of ambrosia {unknown}
 g - a potion of attraction {unknown}
 h - 2 potions of brilliance {unknown}
 l - a potion of haste {unknown}
 n - a potion of flight {unknown}
 q - 3 potions of resistance {unknown}
 t - 4 potions of curing {unknown}
 v - a potion of mutation {unknown}
 z - 2 potions of heal wounds {unknown}


   Skills:
 + Level 5.6 Fighting
 - Level 2.6 Dodging
 - Level 2.1 Stealth
 + Level 5.2 Spellcasting
 + Level 7.3 Ice Magic


You had 10 spell levels left.
You knew the following spells:

 Your Spells              Type           Power      Damage    Failure   Level
a - Freeze                Ice            88%        1d9       1%          1
b - Frozen Ramparts       Ice            44%        1d7       2%          3
c - Ozocubu's Armour      Ice            22%        N/A       2%          3

Your spell library contained the following spells:

 Spells                   Type           Power      Damage    Failure   Level
 Summon Small Mammal      Summ           12%        N/A       19%         1
 Sublimation of Blood     Necr           3%         N/A       28%         2
 Wereblood                Tmut           3%         N/A       28%         2
 Summon Ice Beast         Ice/Summ       12%        N/A       38%         4
 Call Canine Familiar     Summ           3%         N/A       50%         3
 Summon Guardian Golem    Hex/Summ       3%         N/A       50%         3
 Summon Hydra             Summ           1%         N/A       100%        7


Dungeon Overview and Level Annotations

Branches:
Dungeon (6/15)
 Temple: D:4-7

Altars:
Cheibriados
Dithmenos
Elyvilon
Hepliaklqana
Kikubaaqudgha
Okawaru
Qazlal
Trog
Wu Jian
Yredelemnul

Shops:
D:6 (


Innate Abilities, Weirdness & Mutations

((You are very nimble when in or above water. (Stealth+, EV+, Speed+++)))
Your lower body shifts to a powerful aquatic tail in water.


Message History

The frozen ramparts melt away.
The wight hits you but does no damage.
Unknown command.
Casting: Freeze (safe; 1% risk of failure)
Confirm with . or Enter, or press ? or * to list all spells.
Aiming: Freeze (safe; 1% risk of failure)
Press: ? - help, Shift-Dir - straight line, f/p - wight
Aim: a wight, wielding a +2 mace and wearing a +0 robe (severely damaged)
You freeze the wight but do no damage.
The wight completely resists.
The wight hits you with a +2 mace.
* * * LOW HITPOINT WARNING * * *
You feel drained.
Casting: Freeze (safe; 1% risk of failure)
Confirm with . or Enter, or press ? or * to list all spells.
Casting: Frozen Ramparts (dangerous; 2% risk of failure)
Press: ? - help, Dir - look around, f - activate The walls around you are covered in ice.
The wight resists.
The wall freezes the wight.
The wight closely misses you.
Unknown command.
You hit the wight but do no damage.
The wight is severely damaged.
Your icy armour starts to melt.
The wall freezes the wight but does no damage.
The wight barely misses you.
Unknown command.
Okay, then.
Casting: Frozen Ramparts (dangerous; 2% risk of failure)
Confirm with . or Enter, or press ? or * to list all spells.
Aiming: Freeze (safe; 1% risk of failure)
Press: ? - help, Shift-Dir - straight line, f - wight
Aim: a wight, wielding a +2 mace and wearing a +0 robe (severely damaged)
You freeze the wight but do no damage.
The wight completely resists. x2
The wall freezes the wight but does no damage.
The wight hits you with a +2 mace.
* * * LOW HITPOINT WARNING * * *
It was a potion of degeneration.
There was something very wrong with that liquid.
You feel weakened.
You feel dopey.
You feel clumsy.
The wight resists.
The wall freezes the wight.
The wight hits you with a +2 mace!
You die...

## §# ...# ###§#.#.#...#
##.§§._.§....#
######$.#.#§#§#...# ~~~
......?!.#§§.#....###~≈≈
..........#.#§....##~~≈≈
........<...........~≈≈~
..................#~~≈≈~
.......@.#.........~≈≈~~
##...###z.........#~≈≈~.
#.#.##...........~~≈≈~.
#..............~≈≈~~#
##...<...$.....~≈≈~..
#.......(.....~≈≈~..
#.............~≈≈~..
#.............~≈≈~~.
#.#....∩......~~≈≈~.


You could see a wight.

Vanquished Creatures
  A black bear (D:5)
  An ogre (D:5)
  2 phantoms (D:6)
  A kobold brigand (D:6)
  3 scorpions
  2 hounds
  2 jellies
  An iguana (D:6)
  4 orc wizards (D:5)
  6 adders
  A shadow imp (D:5)
  An ufetubus (D:4)
  2 worms (D:3)
  3 dart slugs
  11 orcs
  6 endoplasms
  11 hobgoblins
  2 jackals (D:1)
  2 quokkas
  8 ball pythons
  6 bats
  4 frilled lizards
  7 goblins
  18 kobolds
  8 rats
113 creatures vanquished.

Notes
Turn   | Place    | Note
-------+----------+-------------------------------------------
     0 | D:1      | safid the Merfolk Ice Elementalist began the quest for the
                  | Orb.
     0 | D:1      | Reached XP level 1. HP: 13/13 MP: 3/3
   226 | D:1      | Reached XP level 2. HP: 17/20 MP: 0/5
   319 | D:1      | Reached skill level 1 in Fighting
   619 | D:1      | Reached XP level 3. HP: 20/26 MP: 6/6
  1233 | D:2      | Reached skill level 5 in Ice Magic
  1254 | D:2      | Reached XP level 4. HP: 33/33 MP: 8/8
  1271 | D:2      | Learned a level 3 spell: Frozen Ramparts
  1275 | D:2      | Learned a level 3 spell: Ozocubu's Armour
  1360 | D:2      | Found a faded altar of an unknown god.
  2089 | D:3      | Found a bloodstained altar of Trog.
  2089 | D:3      | Found an ornate altar of the Wu Jian Council.
  2089 | D:3      | Found a white marble altar of Elyvilon.
  2090 | D:3      | Found a stormy altar of Qazlal.
  2737 | D:4      | Reached XP level 5. HP: 38/39 MP: 9/9
  2805 | D:4      | HP: 2/41 [poisoned by a scorpion]
  2810 | D:4      | HP: 1/41 [poisoned by a scorpion]
  3081 | D:4      | Found a hazy altar of Hepliaklqana.
  3675 | D:5      | Entered Level 5 of the Dungeon
  3722 | D:5      | Reached XP level 6. HP: 20/47 MP: 11/11
  3894 | D:5      | Reached skill level 6 in Ice Magic
  4000 | D:5      | Reached XP level 7. HP: 54/54 MP: 13/13
  4366 | D:5      | Found a basalt altar of Yredelemnul.
  4367 | D:5      | Found a snail-covered altar of Cheibriados.
  4368 | D:5      | Found an iron altar of Okawaru.
  4368 | D:5      | Found an ancient bone altar of Kikubaaqudgha.
  4745 | D:6      | Found Ebayxt's Antique Weapon Shop.
  4749 | D:6      | Found a shadowy altar of Dithmenos.
  4777 | D:6      | Reached skill level 5 in Fighting
  4785 | D:6      | Reached skill level 7 in Ice Magic
  4849 | D:6      | Reached skill level 5 in Spellcasting
  4849 | D:6      | Reached XP level 8. HP: 20/62 MP: 15/15
  4961 | D:6      | Slain by a wight

Illustrated notes

Levels and vault maps discovered:
D:1:      elethiomel_arrival_fortress_basement, layout_loops_ring,
          serial_bayou_lagoon_a
D:2:      layout_basic, hellmonk_ecumenical_altar_run_dry, hangedman_decor_push
D:3:      cheibrodos_fertilizer, layout_basic, grunt_temple_overflow_open
D:4:      minmay_inner_zag, layout_cave_pods, mainiacjoe_overflow_paths,
          small_statue_intersection, st_stairs_4
D:5:      layout_loops_ring, mainiacjoe_overflow_alcove_3, hex_medium,
          st_stairs_5, corexii_corridor_pit
D:6:      wander_river, layout_rooms, grunt_dithmenos_smoke_and_mirrors,
          serial_shops, shop

Skill      XL: |  1  2  3  4  5  6  7 |
---------------+----------------------+-----
Fighting       | 1 2 3 4 5 |  5.6
Ice Magic      | 5 6 7 |  7.3
Spellcasting   | 3 4 5 |  5.2
Dodging        | |  2.6
Stealth        | |  2.1

Action                     |  1- 3 |  4- 6 |  7- 9 || total
---------------------------+-------+-------+-------++-------
  Melee: Unarmed           |    21 |       |       ||    21
         Dagger            |     9 |    35 |   111 ||   155
         Punch             |     2 |       |     1 ||     3
         Hand axe          |    23 |   107 |       ||   130
   Cast: Freeze            |    39 |    12 |    12 ||    63
         Frozen Ramparts   |       |    14 |    12 ||    26
         Ozocubu's Armour  |       |     7 |     8 ||    15
    Use: Potion            |       |       |     1 ||     1
   Stab: Sleeping          |     2 |     5 |       ||     7
 Armour: Robe              |    19 |    48 |    56 ||   123
  Dodge: Dodged            |    69 |    97 |    92 ||   258
